 Dungeon Crawl Stone Soup version 0.32-a0-768-g0f6f1dd4b9 (webtiles) character file.

Game seed: 16253803991175555777

98 javelincjr the Grasshopper (level 4, -3/34 HPs)
             Began as a Demonspawn Warper on Mar 18, 2024.
             Killed by nerve-wracking pain
             ... invoked by Jessica
              (9 damage)
             ... on level 2 of the Dungeon.
             The game lasted 00:07:51 (1429 turns).

javelincjr the Grasshopper (Demonspawn Warper)      Turns: 1429, Time: 00:07:52

Health: -3/34      AC:  3    Str: 14    XL:     4   Next: 44%
Magic:  5/7        EV: 13    Int: 13    God:
Gold:   66         SH:  0    Dex: 12    Spells: 3/7 levels left

rFire   . . .        a - +0 spear
rCold   . . .        (no shield)
rNeg    . . .        b - +0 leather armour
rPois   .            (no helmet)
rElec   .            (no cloak)
rCorr   .            (no gloves)
SInv    .            (no boots)
Will    .....        (no amulet)
Stlth   +            (no ring)
HPRegen 0.25/turn    (no ring)
MPRegen 0.10/turn

%: no passive effects
@: wreathed by umbra
A: repulsion field 1, demonic magic 1, foul shadow 1
a: no special abilities


You were on level 2 of the Dungeon.
You visited 1 branch of the dungeon, and saw 2 of its levels.

You collected 66 gold pieces.

Inventory:

Hand Weapons
 a - a +0 spear (weapon)
Missiles
 d - 7 darts of dispersal
 g - a poisoned dart (quivered)
Armour
 b - a +0 leather armour (worn)
 m - a +0 helmet
Wands
 n - a wand of polymorph (11)
Scrolls
 c - a scroll of blinking
 e - 2 scrolls of identify {unknown}
 l - a scroll of enchant weapon {unknown}
Potions
 f - a potion of enlightenment {unknown}
 h - a potion of degeneration {unknown}
 i - a potion of invisibility {unknown}
 j - a potion of might {unknown}
 k - a potion of attraction {unknown}
 o - a potion of mutation {unknown}
 p - a potion of haste {unknown}


   Skills:
 + Level 2.6 Fighting
 + Level 2.3 Polearms
 - Level 0.8 Throwing
 + Level 1.7 Armour
 + Level 2.4 Dodging
 + Level 2.4 Spellcasting
 + Level 3.1 Translocations


You had 3 spell levels left.
You knew the following spells:

 Your Spells              Type           Power      Damage    Failure   Level
a - Blink                 Tloc           18%        N/A       13%         2
b - Lesser Beckoning      Tloc           18%        N/A       13%         2

Your spell library contained the following spells:

 Spells                   Type           Power      Damage    Failure   Level
 Teleport Other           Tloc           9%         N/A       26%         3
 Manifold Assault         Tloc           9%         N/A       63%         4
 Vhi's Electric Charge    Tloc/Air       10%        N/A       83%         4


Dungeon Overview and Level Annotations

Branches:
Dungeon (2/15)

Altars:

Shops:
D:1 (!(([

Annotations:
D:2 Jessica


Innate Abilities, Weirdness & Mutations

You are surrounded by a mild repulsion field. (EV +2)
Spells you cast may paralyse adjacent enemies.
You are faintly shadowed, very rarely releasing foul flame when damaged in melee.


Message History

The orc is moderately wounded.
The orc hits you with a +0 flail.
* * * LOW HITPOINT WARNING * * *
Jessica casts a spell.
Jessica seems to speed up.
You hit Jessica but do no damage.
Jessica is almost dead.
The orc closely misses you.
Jessica very coldly says, "I hate your company."
Jessica closely misses you.
You hit Jessica.
Jessica is almost dead.
Jessica misses you. The orc misses you. Jessica hits you but does no damage.
Casting: Lesser Beckoning (safe; 13% risk of failure)
Confirm with . or Enter, or press ? or * to list all spells.
You blink.
Malevolent energies surge around you.
You hit the orc but do no damage.
The orc is almost dead.
You kill the orc!
You hit Jessica but do no damage.
Jessica is almost dead.
Jessica gestures wildly while chanting.
Jessica blinks!
You start resting.
Jessica is nearby!
Throw: 3 darts (poison)
Press: ? - help, Q - select action, (/) - cycle Shift-Dir - straight line, f - Jessica
Aim: Jessica, wielding a +0 dagger and wearing a +0 robe (severely wounded, fast, 54% to hit)
You throw a poisoned dart. The poisoned dart hits Jessica.
Jessica is poisoned.
Jessica is severely wounded.
Throw: 2 darts (poison)
Press: ? - help, Q - select action, (/) - cycle Shift-Dir - straight line, f/p - Jessica
Aim: Jessica, wielding a +0 dagger and wearing a +0 robe (severely wounded, fast, poisoned, 54% to hit)
You throw a poisoned dart. The poisoned dart hits Jessica.
Jessica looks even sicker.
Jessica is severely wounded.
You feel ready to blink again.
Jessica points at you and mumbles some strange words.
Pain shoots through your body!
You die...

.# #.# ## .# #.#
#.#.## #.# .# #.#
#...... .#.#. ...
...>..# #.#.# #.#
#.#...# #.#(# #.#
#.#)..# #.#@# #.#
#.#...# #.#)###
#.####.#†..# #.
#.((@.###......†...#
#.
#.###.##).<........#
##.# #)#
#.....###..#...##
#...##.###.###.#
#..#.....
#....†@†.))....#
#..##..##
#)......<#######
#..##..##
####........#
#..†..... #..#####.#
##.##..## #..#
#.#######.##..##


You could see Jessica (fast, very poisoned).

Vanquished Creatures
  Natasha (D:2)
  An orc wizard (D:2)
  Robin (D:2)
  2 orcs (D:2)
  2 endoplasms (D:1)
  A giant cockroach (D:1)
  7 goblins
  8 hobgoblins
  A quokka (D:2)
  4 ball pythons
  6 bats
  3 frilled lizards
  3 kobolds (D:1)
  5 rats
45 creatures vanquished.

Notes
Turn   | Place    | Note
-------+----------+-------------------------------------------
     0 | D:1      | javelincjr the Demonspawn Warper began the quest for the
                  | Orb.
     0 | D:1      | Reached XP level 1. HP: 16/16 MP: 3/3
    66 | D:1      | Reached skill level 1 in Armour
   169 | D:1      | Found Niru's Weapon Shoppe.
   217 | D:1      | Gained mutation: You are surrounded by a mild repulsion
                  | field. (EV +2) [demonic ancestry]
   217 | D:1      | Reached XP level 2. HP: 20/22 MP: 5/5
   220 | D:1      | Learned a level 2 spell: Blink
   223 | D:1      | Learned a level 2 spell: Lesser Beckoning
   430 | D:1      | Found Gilaj's Distillery.
   451 | D:1      | Found Hemaosch's Antique Weapon Boutique.
   473 | D:1      | Found Muucekon's Armour Boutique.
   834 | D:1      | Found Atsijoa's Weapon Emporium.
  1001 | D:2      | Noticed Robin
  1040 | D:1      | Gained mutation: Spells you cast may paralyse adjacent
                  | enemies. [demonic ancestry]
  1040 | D:1      | Reached XP level 3. HP: 14/27 MP: 6/6
  1199 | D:2      | Killed Robin
  1211 | D:2      | Reached skill level 3 in Translocations
  1302 | D:2      | Noticed Natasha
  1315 | D:2      | Killed Natasha
  1316 | D:2      | Gained mutation: You are faintly shadowed, very rarely
                  | releasing foul flame when damaged in melee. [demonic
                  | ancestry]
  1316 | D:2      | Reached XP level 4. HP: 28/34 MP: 7/7
  1384 | D:2      | Noticed Jessica
  1429 | D:2      | Killed from afar by Jessica

Illustrated notes

Levels and vault maps discovered:
D:1:      saegor_arrival_simple_a, layout_basic, serial_shops, shop, shop, shop,
          shop, nicolae_shop_industrial_runoff, minmay_misc_feat_rugged
D:2:      layout_loops_ring, basic_ecumenical_altar, minmay_tromino_v2,
          uniq_robin, uniq_natasha, uniq_jessica

Skill      XL: |  1  2  3 |
---------------+----------+-----
Armour         | 1 |  1.7
Dodging        | 2 |  2.4
Polearms       | 2 |  2.3
Translocations | 3 |  3.1
Fighting       | |  2.6
Throwing       | |  0.8
Spellcasting   | |  2.4

Action                     |  1- 3 |  4- 6 || total
---------------------------+-------+-------++-------
  Melee: Spear             |   147 |    27 ||   174
         Unarmed           |     6 |       ||     6
  Throw: Dart              |     4 |     5 ||     9
   Cast: Blink             |     1 |     1 ||     2
         Lesser Beckoning  |       |     1 ||     1
   Stab: Paralysed         |       |     2 ||     2
 Armour: Leather armour    |    67 |    22 ||    89
         Skin              |     2 |       ||     2
  Dodge: Dodged            |    91 |    16 ||   107

Table legend: (Time is in decaauts)
 A = Elapsed time spent in this place.
 B = Non-inter-level travel time spent in this place.
 C = Inter-level travel time spent in this place.
 D = Time resting spent in this place.
 E = Time spent auto-exploring this place.
 F = Levels seen in this place.
 G = Mean time per level.
                   A        B        C        D        E       F      G
               +--------+--------+--------+--------+--------+-----+--------+
         Total |   1432 |   1413 |     19 |     58 |    953 |   2 |  716.0 |
       Dungeon |   1432 |   1413 |     19 |     58 |    953 |   2 |  716.0 |
               +--------+--------+--------+--------+--------+-----+--------+

Top non-repeatable levels by time:
     D:1: 1175 daAuts
     D:2: 256 daAuts
